 Dungeon Crawl Stone Soup version 0.27-a0-416-gca2cecf3c0 (webtiles) character file.

Game seed: 2053507132159593375

268 Morbidden the Covered (level 6, 44/47 HPs)
             Began as a Demonspawn Fighter on Feb 25, 2021.
             Quit the game on level 3 of the Dungeon.
             The game lasted 00:03:00 (4066 turns).

Morbidden the Covered (Demonspawn Fighter)          Turns: 4066, Time: 00:03:01

Health: 44/47      AC:  9    Str: 16    XL:     6   Next: 0%
Magic:  6/6        EV:  8    Int: 11    God:
Gold:   93         SH:  9    Dex: 13    Spells: 5/5 levels left

rFire    . . .     SeeInvis .   f - +1 dagger (freeze)
rCold    . . .     Faith    .   c - +0 kite shield
rNeg     . . .     Spirit   .   b - +0 scale mail
rPois    .         Reflect  .   (helmet restricted)
rElec    .         Harm     .   (no cloak)
rCorr    .         Rampage  .   (no gloves)
Will     .....                  (no boots)
Stlth    ..........             (no amulet)
HPRegen  0.15/turn              (no ring)
MPRegen  0.10/turn              (no ring)

@: no status effects
A: antennae 1, yellow scales 1
a: no special abilities


You were on level 3 of the Dungeon.
You visited 1 branch of the dungeon, and saw 3 of its levels.

You collected 93 gold pieces.

Inventory:

Hand Weapons
 a - a +0 long sword
 f - a +1 dagger of freezing (weapon)
Missiles
 e - 17 poisoned darts (quivered)
 q - 2 boomerangs
Armour
 b - a +0 scale mail (worn)
 c - a +0 kite shield (worn)
Jewellery
 g - a ring of see invisible
 k - a ring of flight
 m - an amulet of faith
Scrolls
 h - 4 scrolls of identify {unknown}
 i - a scroll of fog {unknown}
 l - 3 scrolls of immolation {unknown}
 n - a scroll of magic mapping {unknown}
 o - a scroll of fear {unknown}
Potions
 d - a potion of might
 j - a potion of magic {unknown}
 p - a potion of curing
 r - a potion of lignification


   Skills:
 + Level 3.2 Fighting
 + Level 2.1(2.7) Short Blades
 + Level 2.3(2.8) Long Blades
 + Level 3.9 Armour
 + Level 1.9 Dodging
 + Level 3.7 Shields


You had 5 spell levels left.
You didn't know any spells.
Your spell library was empty.

Dungeon Overview and Level Annotations

Branches:
Dungeon (3/15)

Altars:
Ashenzari
Sif Muna


Innate Abilities, Weirdness & Mutations

You have a pair of small antennae on your head.
You are partially covered in yellow scales. (AC +2)


Message History

Your scale mail prevents you from hitting the adder.
You block the adder's attack.
You hit the adder but do no damage. You block the adder's attack.
An adder is nearby!
You closely miss the adder. The adder barely misses you.
The adder closely misses you.
An adder is nearby!
You closely miss the adder. The adder bites you.
You completely miss the adder. The adder bites you but does no damage.
The adder closely misses you.
You miss the adder. The adder barely misses you.
Your scale mail prevents you from hitting the adder.
You block the adder's attack.
You hit the adder. You freeze the adder.
The adder is lightly wounded.
The adder bites you but does no damage. The adder bites you.
You hit the adder. You freeze the adder.
The adder is moderately wounded.
The adder closely misses you.
You barely miss the adder.
The adder is moderately wounded.
The adder closely misses you.
You hit the adder. You freeze the adder.
The adder is heavily wounded.
You block the adder's attack. The adder bites you but does no damage.
You barely miss the adder.
The adder is heavily wounded.
The adder bites you but does no damage.
You hit the adder. You freeze the adder.
The adder is almost dead.
The adder bites you but does no damage. You block the adder's attack.
You hit the adder.
The adder seems to slow down.
You freeze the adder.
You kill the adder!
You have reached level 6!
Your experience leads to an increase in your attributes!
Increase (S)trength, (I)ntelligence, or (D)exterity?
You feel clever.
Your demonic ancestry asserts itself...
A pair of antennae grows on your head!
Unknown command.
Are you sure you want to abandon this character and quit the game? (Confirm with "yes".)

#.### #.... ###.### ############
#.#. #..........# #.#.###
#..........# #.#.#..
#..........#####.#.#.#
#..............#.#†...
#....@.........#.###.#
#################.........#......
................'.........'....†.
....# ########.#.........#.....#
....##### #.#.........#.....#
....'..<# #.#.........#.....#
....###########.#.........#......
#'#.............'.........'.....#
#.#.###########.#.........#.....#


There were no monsters in sight!

Vanquished Creatures
  An orc priest (D:3)
  A bullfrog skeleton (D:3)
  An orc wizard (D:3)
  8 adders
  2 oozes
  2 worms
  3 dart slugs
  A leopard gecko (D:1)
  10 orcs (D:3)
  A ball python (D:1)
  9 bats
  4 giant cockroaches
  10 goblins
  6 hobgoblins
  4 jackals (D:2)
  3 quokkas
  2 frilled lizards
  10 kobolds
  10 rats
88 creatures vanquished.

Notes
Turn   | Place    | Note
-------+----------+-------------------------------------------
     0 | D:1      | Morbidden the Demonspawn Fighter began the quest for the
                  | Orb.
     0 | D:1      | Reached XP level 1. HP: 18/18 MP: 1/1
     6 | D:1      | Noticed a water moccasin
     6 | D:1      | Noticed a hound
     6 | D:1      | Noticed a komodo dragon
     6 | D:1      | Noticed a polar bear
   198 | D:1      | Gained mutation: You are partially covered in yellow
                  | scales. (AC +2) [demonic ancestry]
   198 | D:1      | Reached XP level 2. HP: 19/24 MP: 2/2
   716 | D:1      | Found a broken altar of Ashenzari.
   785 | D:1      | Reached XP level 3. HP: 29/29 MP: 3/3
  1439 | D:2      | Reached skill level 1 in Short Blades
  1720 | D:2      | Reached XP level 4. HP: 35/35 MP: 4/4
  2222 | D:2      | Reached skill level 1 in Dodging
  2956 | D:3      | Reached XP level 5. HP: 41/41 MP: 5/5
  2998 | D:3      | Found a shimmering blue altar of Sif Muna.
  4066 | D:3      | Gained mutation: You have a pair of small antennae on your
                  | head. [demonic ancestry]
  4066 | D:3      | Reached XP level 6. HP: 44/47 MP: 6/6
  4066 | D:3      | Quit the game

Illustrated notes

Levels and vault maps discovered:
D:1:      onia_arrival_zoo_common, layout_loops_cross, minivault_19,
          ashenzari_altar_1
D:2:      layout_basic
D:3:      layout_basic, lemuel_round_altar

Skill      XL: |  1  2  3  4  5 |
---------------+----------------+-----
Long Blades    | 2 |  2.3
Armour         | 3 |  3.9
Shields        | 3 |  3.7
Short Blades   | 1 2 |  2.1
Dodging        | 1 |  1.9
Fighting       | |  3.2

Action                   |  1- 3 |  4- 6 || total
-------------------------+-------+-------++-------
Melee: Long sword        |    91 |       ||    91
       Dagger            |    74 |   252 ||   326
Throw: Dart              |       |     6 ||     6
  Use: Potion            |       |     6 ||     6
Armor: Scale mail        |    85 |   137 ||   222
       Skin              |       |    14 ||    14
Dodge: Dodged            |    42 |    76 ||   118
Block: Kite shield       |    72 |   138 ||   210
       Rpst.: Long sword |     7 |       ||     7

Table legend: (Time is in decaauts)
 A = Elapsed time spent in this place.
 B = Non-inter-level travel time spent in this place.
 C = Inter-level travel time spent in this place.
 D = Time resting spent in this place.
 E = Time spent auto-exploring this place.
 F = Levels seen in this place.
 G = Mean time per level.
                   A        B        C        D        E       F      G
               +--------+--------+--------+--------+--------+-----+--------+
         Total |   4164 |   4078 |     86 |    170 |   3143 |   3 | 1388.0 |
       Dungeon |   4164 |   4078 |     86 |    170 |   3143 |   3 | 1388.0 |
               +--------+--------+--------+--------+--------+-----+--------+

Top non-repeatable levels by time:
     D:2: 1622 daAuts
     D:3: 1407 daAuts
     D:1: 1133 daAuts
